 Dungeon Crawl Stone Soup version 0.31.0-7-gf635a9b802 (webtiles) character file.

Game seed: 17597355111017553259

19475 Khashishi the Grappler (level 12, -2/108 (109) HPs)
             Began as a Naga Shapeshifter on Jan 24, 2024.
             Was a Believer of Wu Jian.
             Slain by a minotaur
             ... wielding a +5 great mace of protection
              (5 damage)
             ... in a Gauntlet.
             The game lasted 01:03:34 (11043 turns).

Khashishi the Grappler (Naga Shapeshifter)         Turns: 11043, Time: 01:03:35

HP:   -2/108 (109)  AC:  5    Str: 19    XL:     12   Next: 69%
MP:   0/12          EV: 18    Int: 10    God:    Wu Jian [**....]
Gold: 652           SH:  0    Dex: 20    Spells: 11/11 levels left

rFire   . . .        Q - melded +6 spear "Quromith" {protect, *Rage rC++ Will++}
rCold   + . .        y - melded orb {*Rage}
rNeg    . . .        R - melded +3 chain mail {rC+}
rPois   +            E - +0 helmet
rElec   .            (no cloak)
rCorr   .            (no gloves)
SInv    +            (no barding)
Will    +....        f - amulet of guardian spirit
Stlth   ++           C - ring of protection from cold
HPRegen 0.38/turn    L - +6 ring of dexterity
MPRegen 0.13/turn

%: no teleportation, guardian spirit
@: flux-form, glowing, lightly drained, very slow
A: glow, contaminating, AC +4, large, see invisible, deformed body, poison
resistance, slowness 2, spit poison 1, naga tail 1
a: Spit Poison, Begin Untransformation, Renounce Religion, Wall Jump


You were in a Gauntlet.
You worshipped Wu Jian.
Wu Jian was pleased with you.
You were something dangerously unstable.
You visited 3 branches of the dungeon, and saw 13 of its levels.
You also visited: Gauntlet.

You collected 652 gold pieces.

Inventory:

Hand Weapons
 Q - the +6 spear "Quromith" (melded) {protect, *Rage rC++ Will++}
   (You found it in a Gauntlet)

   rC++:      It greatly protects you from cold.
   Will++:    It greatly increases your willpower.
   *Rage:     It berserks you when you make melee attacks (+20% chance).
Missiles
 m - 11 boomerangs
 o - a throwing net
 H - 10 poisoned darts
Armour
 y - an orb of wrath (melded)
 E - a +0 helmet (worn)
 R - a +3 chain mail of cold resistance (melded)
Jewellery
 f - an amulet of guardian spirit (around neck)
 C - a ring of protection from cold (left hand)
 J - a ring of wizardry
 L - a +6 ring of dexterity (right hand)
Talismans
 c - a beast talisman
 d - a flux talisman (active)
Wands
 j - a wand of charming (2)
 p - a wand of polymorph (6)
 B - a wand of iceblast (16)
 N - a wand of flame (11)
Scrolls
 b - a scroll of vulnerability {unknown}
 e - 4 scrolls of noise
 h - a scroll of fear {unknown}
 k - a scroll of revelation {unknown}
 q - a scroll of poison {unknown}
 r - 5 scrolls of immolation
 v - 2 scrolls of blinking
 w - 7 scrolls of teleportation
 z - a scroll of amnesia {unknown}
 A - 3 scrolls of torment
 G - 2 scrolls of enchant weapon
 I - 2 scrolls of enchant armour {unknown}
 O - a scroll of brand weapon {unknown}
 P - a scroll of summoning
Potions
 g - 2 potions of brilliance
 i - a potion of curing
 l - 2 potions of enlightenment
 n - a potion of magic {unknown}
 t - a potion of cancellation {unknown}
 u - a potion of invisibility
 x - 2 potions of resistance
 D - a potion of berserk rage {unknown}
 F - a potion of mutation {unknown}
 K - a potion of haste {unknown}
 M - a potion of ambrosia {unknown}
Miscellaneous
 s - a sack of spiders (inert)


   Skills:
 - Level 7.0 Fighting
 + Level 7.0 Dodging
 - Level 8.6 Stealth
 + Level 13.1 Unarmed Combat
 - Level 4.0 Evocations
 - Level 10.0 Shapeshifting


You had 11 spell levels left.
You didn't know any spells.
Your spell library contained the following spells:

 Spells                   Type           Power      Damage    Failure   Level
 Scorch                   Fire           0%         2d5       50%         2
 Fugue of the Fallen      Necr           0%         N/A       75%         3
 Gell's Gravitas          Tloc           0%         N/A       75%         3
 Ozocubu's Armour         Ice            0%         N/A       75%         3
 Teleport Other           Tloc           0%         N/A       75%         3
 Tukima's Dance           Hex            0%         N/A       75%         3
 Dimensional Bullseye     Hex/Tloc       0%         N/A       98%         4
 Flame Wave               Conj/Fire      0%         2d4       98%         4
 Iskenderun's Mystic Bla  Conj/Tloc      0%         2d3       98%         4
 Manifold Assault         Tloc           0%         N/A       98%         4
 Dispersal                Tloc           0%         N/A       100%        6
 Summon Cactus Giant      Summ           0%         N/A       100%        6


Dungeon Overview and Level Annotations

Branches:
Dungeon (9/15)             Temple (1/1) D:6            Lair (3/5) D:8
  Snake (0/4) Lair:2      Gauntlet (1/1)
  Swamp: Lair:2-3    Shoals: Lair:2-3       Orc: D:9-12

Altars:
Ashenzari
Cheibriados
Dithmenos
Elyvilon
Fedhas
Gozag
Hepliaklqana
Kikubaaqudgha
Makhleb
Nemelex Xobeh
Okawaru
Qazlal
Ru
Sif Muna
Trog
Uskayaw
Vehumet
Wu Jian
Xom
Yredelemnul
The Shining One

Shops:
D:3 (   D:6 !(

Annotations:
D:9 Amaemon
Lair:2 1 runed translucent door, turdburglar's ghost, journeyman DrSh Gauntlet 6 transporters, 21 runed translucent doors


Innate Abilities, Weirdness & Mutations

You are something dangerously unstable.
You glow with magical radiation, making you easy to see and hit.
Foes you strike become dangerously contaminated with magical radiation.
You are incapable of wielding weapons or throwing items.
Your serpentine skin is tough. (AC +4)
You have supernaturally acute eyesight. (SInv)
Armour fits poorly on your strangely shaped body.
Your system is resistant to poisons. (rPois)
You cover ground very slowly.
You can spit poison.
You have a snake-like lower body.


Message History

Okay, then.
Unknown command.
Aiming: Polymorph
Press: ? - help, Shift-Dir - straight line, f - minotaur
Aim: a minotaur, wielding a +5 great mace of protection, wearing a +3 scale mail of cold resistance and quivering silver javelins (wandering, hasn't noticed you, will become an emperor scorpion, a radroach, or a storm dragon, chance to affect: 4%)
Okay, then.
Unknown command.
You reach into the sack... ...and things crawl out!
The minotaur evades a web.
The sack is emptied!
The minotaur bellows!
The minotaur throws a silver javelin.
The silver javelin pierces through you!!
The minotaur misses you. The minotaur closely misses you.
The minotaur hits you with a +5 great mace of protection!!!
The minotaur gores you!
* * * LOW HITPOINT WARNING * * *
You hit the minotaur.
The minotaur begins to glow.
The minotaur is lightly wounded.
The minotaur closely misses you. The minotaur gores you!
* * * LOW HITPOINT WARNING * * *
Okay, then.
Okay, then.
Press: ? - help, v - describe, . - travel
Here: a minotaur, wielding a +5 great mace of protection, wearing a +3 scale mail of cold resistance and quivering silver javelins (lightly wounded, contaminated, ally target)
A web.
Unknown command.
Okay, then.
Okay, then.
Unknown command.
You hit the minotaur.
The minotaur glows dangerously bright.
The minotaur is lightly wounded.
Your scorpion stings the minotaur but does no damage.
You hit the minotaur but do no damage.
The minotaur shudders as magic cascades through it!!
The minotaur twists and deforms.
The minotaur is moderately wounded.
The minotaur hits you with a +5 great mace of protection!
* * * LOW HITPOINT WARNING * * *
The minotaur gores you.
You die...

#.#.##..### #...^#..#
#.##[#..#####
#.#..#..#≈8§#
.##.©#..#...########
^###.#..#.8........#
##."##..#...###.##.##
#..#^#..#.8.....s..8#
^##.##..#...#.#sp...#
######..#...#.#H#####
.......≈#.©.#...#
.......∩#...###.'
.......≈#.©.# ..#
######..#...# #.#
.+..G#..#...#.#.
.+..u#..#.8.....
+##.|#..#...###


You could see a minotaur (misshapen, ally target) and 2 friendly scorpions.

Vanquished Creatures
  A ghost crab (Gauntlet)
  2 death yaks (Lair:3)
  A salamander (Lair:2)
  4 elephants (Lair:1)
  3 black mambas
  5 cane toads
  3 rime drakes
  4 komodo dragons
  A queen bee (Gauntlet)
  3 blink frogs (Lair:2)
  Prince Ribbit (D:5)
  2 shadows (Gauntlet)
  2 wyverns (Lair:2)
  A wraith (D:7)
  24 yaks
  2 basilisks
  A steam dragon (D:8)
  Menkaure (D:6)
  2 nagas (Lair:2)
  An acid dragon (D:8)
  4 water moccasins
  An orc warrior (D:8)
  An ice beast (D:8)
  3 black bears
  2 sky beasts
  3 ogres
  2 centaurs
  Blork the orc (D:5)
  7 bullfrogs
  A gnoll sergeant (D:7)
  5 scorpions
  6 killer bees (Gauntlet)
  2 howler monkeys
  A bombardier beetle (D:6)
  A jelly (D:8)
  3 hounds
  3 orc priests
  4 iguanas
  2 sleepcaps
  3 orc wizards
  A gnoll (D:7)
  12 adders
  A river rat (Lair:2)
  A shadow imp (D:4)
  A white imp (D:8)
  2 ufetubi (D:7)
  A ribbon worm (D:3)
  A dart slug (D:1)
  19 orcs
  5 ball pythons
  4 endoplasms
  3 giant cockroaches
  3 hobgoblins
  4 jackals (D:3)
  2 quokkas (D:1)
  5 bats
  6 frilled lizards
  7 goblins
  3 kobolds
  4 rats
  A butterfly (Lair:1)
205 creatures vanquished.

Vanquished Creatures (collateral kills)
  A hydra (Lair:3)
  A death yak (Lair:3)
  A torpor snail (Lair:1)
  5 yaks (Lair:1)
  A steam dragon (D:6)
  An ice beast (D:5)
  A black bear (Lair:1)
  An iguana (D:7)
  3 gnolls (D:7)
  An orc (D:7)
16 creatures vanquished.

Vanquished Creatures (others)
  A cane toad (Lair:1)
1 creature vanquished.

Grand Total: 222 creatures vanquished

Notes
Turn   | Place    | Note
-------+----------+-------------------------------------------
     0 | D:1      | Khashishi the Naga Shapeshifter began the quest for the
                  | Orb.
     0 | D:1      | Reached XP level 1. HP: 18/18 MP: 1/1
   179 | D:1      | Reached XP level 2. HP: 23/25 MP: 2/2
   561 | D:2      | Reached XP level 3. HP: 31/31 MP: 3/3
   823 | D:2      | Reached skill level 1 in Stealth
  1172 | D:2      | Reached XP level 4. HP: 28/38 MP: 4/4
  1364 | D:3      | Reached skill level 4 in Unarmed Combat
  1452 | D:3      | Found Oqoeruq's Weapon Shoppe.
  2136 | D:4      | Reached XP level 5. HP: 31/44 MP: 5/5
  2268 | D:4      | Noticed a black bear
  2341 | D:4      | Reached skill level 1 in Evocations
  2389 | D:4      | Noticed a black bear
  2399 | D:4      | Killed a black bear
  2400 | D:4      | Reached XP level 6. HP: 51/51 MP: 3/6
  2474 | D:5      | Entered Level 5 of the Dungeon
  2474 | D:5      | Noticed Blork the orc
  2588 | D:4      | Found an iron altar of Okawaru.
  2670 | D:4      | Killed a black bear
  2711 | D:5      | Reached skill level 5 in Shapeshifting
  2758 | D:5      | Reached XP level 7. HP: 57/57 MP: 4/7
  2987 | D:5      | Noticed Prince Ribbit
  3002 | D:5      | Killed Prince Ribbit
  3003 | D:5      | Reached XP level 8. HP: 29/72 MP: 4/8
  3133 | D:5      | Found a white marble altar of Elyvilon.
  3133 | D:5      | Found a hide-covered altar of Uskayaw.
  3210 | D:6      | Found Zuysukku's Antique Weapon Emporium.
  3285 | D:6      | Noticed Menkaure
  3300 | D:6      | Reached skill level 5 in Fighting
  3609 | D:5      | Killed Blork the orc
  3650 | D:6      | Found Ihefu's Distillery.
  3925 | D:6      | Reached XP level 9. HP: 82/82 MP: 7/9
  4065 | D:6      | Found a staircase to the Ecumenical Temple.
  4075 | Temple   | Entered the Ecumenical Temple
  4086 | Temple   | Became a worshipper of the Wu Jian Council
  4684 | D:6      | Killed Menkaure
  4685 | D:6      | Reached skill level 5 in Unarmed Combat
  4911 | D:7      | Found a shimmering altar of Xom.
  5356 | D:8      | Found a staircase to the Lair.
  5410 | D:8      | Reached skill level 6 in Unarmed Combat
  5651 | D:8      | Reached * piety under Wu Jian
  5676 | D:8      | Reached XP level 10. HP: 41/94 MP: 6/10
  5935 | D:8      | Found a glowing golden altar of the Shining One.
  5986 | D:8      | Reached skill level 7 in Unarmed Combat
  6381 | D:9      | Noticed Amaemon
  6382 | D:9      | Noticed an orange demon
  6382 | D:9      | Noticed a kobold demonologist
  6402 | Lair:1   | Entered Level 1 of the Lair of Beasts
  6426 | Lair:1   | Noticed a cane toad
  6442 | Lair:1   | Killed a cane toad
  6625 | Lair:1   | Noticed a torpor snail
  6626 | Lair:1   | Noticed a cane toad
  6638 | Lair:1   | Killed a torpor snail
  6806 | Lair:1   | Reached skill level 8 in Unarmed Combat
  6855 | Lair:1   | Noticed an elephant
  6870 | Lair:1   | Noticed an elephant
  6870 | Lair:1   | Noticed an elephant
  6870 | Lair:1   | Noticed a black mamba
  6882 | Lair:1   | Killed an elephant
  6883 | Lair:1   | Noticed an elephant
  6895 | Lair:1   | Killed an elephant
  6902 | Lair:1   | Killed a black mamba
  6903 | Lair:1   | Reached skill level 10 in Shapeshifting
  6914 | Lair:1   | Killed an elephant
  6915 | Lair:1   | Reached skill level 9 in Unarmed Combat
  6917 | Lair:1   | Killed an elephant
  6918 | Lair:1   | Reached XP level 11. HP: 34/100 MP: 3/11
  6927 | Lair:1   | Reached skill level 5 in Stealth
  6927 | Lair:1   | Reached skill level 10 in Unarmed Combat
  7815 | Lair:1   | Reached ** piety under Wu Jian
  8721 | Lair:2   | Reached skill level 11 in Unarmed Combat
  9471 | Lair:2   | Reached XP level 12. HP: 107/109 MP: 12/12
  9619 | Lair:2   | Reached skill level 5 in Dodging
  9848 | Lair:2   | Reached skill level 12 in Unarmed Combat
  9945 | Lair:2   | Noticed a death yak
 10247 | Lair:2   | Found a staircase to the Snake Pit.
 10373 | Lair:2   | Found a runed translucent door.
 10375 | Lair:2   | Noticed turdburglar's ghost (journeyman DrSh)
 10414 | Lair:2   | Noticed a death yak
 10444 | Lair:2   | Noticed a death yak
 10463 | Lair:3   | Noticed an eight-headed hydra
 10463 | Lair:3   | Noticed a death yak
 10463 | Lair:3   | Noticed a death yak
 10463 | Lair:3   | Noticed a death yak
 10471 | Lair:3   | Found a gate leading to a gauntlet.
 10471 | Lair:3   | Killed a death yak
 10476 | Lair:3   | Killed a death yak
 10477 | Lair:3   | Killed an eight-headed hydra
 10479 | Lair:3   | Killed a death yak
 10482 | Gauntlet | Entered a Gauntlet
 10482 | Gauntlet | Found a transporter.
 10482 | Gauntlet | Found a transporter.
 10498 | Gauntlet | Found a transporter.
 10502 | Gauntlet | Found a transporter.
 10519 | Gauntlet | Found a transporter.
 10523 | Gauntlet | Found a transporter.
 10529 | Gauntlet | Noticed a ghost crab
 10537 | Gauntlet | Found a transporter.
 10554 | Gauntlet | Found a large runed translucent door.
 10555 | Gauntlet | Found a large runed translucent door.
 10556 | Gauntlet | Found a large runed translucent door.
 10556 | Gauntlet | Found a large runed translucent door.
 10557 | Gauntlet | Found a large runed translucent door.
 10557 | Gauntlet | Found a large runed translucent door.
 10557 | Gauntlet | Found a runed translucent gate.
 10557 | Gauntlet | Found a runed translucent door.
 10557 | Gauntlet | Noticed a great orb of eyes
 10558 | Gauntlet | Found a large runed translucent door.
 10559 | Gauntlet | Found a large runed translucent door.
 10566 | Gauntlet | Found a transporter.
 10566 | Gauntlet | Found a runed translucent gate.
 10566 | Gauntlet | Found a transporter.
 10567 | Gauntlet | Found a runed translucent door.
 10567 | Gauntlet | Found a runed translucent gate.
 10568 | Gauntlet | Found a large runed translucent door.
 10568 | Gauntlet | Found a large runed translucent door.
 10568 | Gauntlet | Found a large runed translucent door.
 10568 | Gauntlet | Found a large runed translucent door.
 10569 | Gauntlet | Found a large runed translucent door.
 10570 | Gauntlet | Found a large runed translucent door.
 10577 | Gauntlet | Found a transporter.
 10581 | Gauntlet | Found a transporter.
 10642 | Gauntlet | Found a large runed translucent door.
 10642 | Gauntlet | Found a large runed translucent door.
 10647 | Gauntlet | Found a transporter.
 10895 | Gauntlet | Reached skill level 13 in Unarmed Combat
 10913 | Gauntlet | Identified the +6 spear "Quromith" {protect, *Rage rC++
                  | Will++}
 10938 | Gauntlet | Killed a ghost crab
 11034 | Gauntlet | Noticed a minotaur
 11043 | Gauntlet | HP: 3/108 [minotaur/+5 great mace of protection (13)]
 11043 | Gauntlet | Slain by a minotaur

Illustrated notes

Levels and vault maps discovered:
D:1:      lightli_arrival_flooded_house, layout_rooms
D:2:      layout_loops_ring, minmay_snake_closets
D:3:      layout_loops_ring, serial_shops, shop, grunt_ministairs_15,
          nrook_mini_backslash
D:4:      layout_rooms, okawaru_gym_becter
D:5:      layout_rooms, nicolae_overflow_two_pavilions, uniq_blork_the_orc,
          uniq_prince_ribbit1
D:6:      layout_cave_pools, minmay_temple_entry_proselytizer, serial_shops,
          nicolae_shop_pleasant_corner_grove, shop_statue, uniq_menkaure
D:7:      layout_loops_cross, mainiacjoe_overflow_alcove_2
D:8:      layout_loops_ring, lemuel_tele_altar, lair_entry_dummy
D:9:      layout_basic, zin_purify, serial_undead, serial_undead_d,
          serial_undead_b, serial_undead_c, serial_undead_b, serial_undead_b,
          serial_undead_d, serial_undead_e, serial_bayou_lagoon_a, uniq_amaemon
Temple:   eino_temple_rhombus
Lair:1:   layout_layer_cave, chequers_serial_rivers_micro_d,
          serial_bayou_shore_b, serial_bayou_shore_a, lemuel_fruit_fields,
          grunt_megastairs_2
Lair:2:   layout_small_grid, elwin_shoals_entry_rooms,
          alex1729_snake_entry_snake, gammafunk_ghost_grave,
          chequers_serial_rivers_micro_b, disabler_island, grunt_megastairs_4
Lair:3:   layout_cave_pods, gauntlet_entry_generic, basic_altar
Gauntlet: gammafunk_gauntlet_hard_choice [gammafunk_gauntlet_arena_grid,
          nicolae_gauntlet_arena_x, gammafunk_gauntlet_arena_crates,
          gammafunk_gauntlet_arena_open, gammafunk_gauntlet_arena_mazey,
          minmay_gauntlet_arena_make_your_own_arena,
          nicolae_gauntlet_exit_dead_adventurers]

Skill      XL: |  1  2  3  4  5  6  7  8  9 10 11 12 |
---------------+-------------------------------------+-----
Stealth        | 2 3 4 8 |  8.6
Unarmed Combat | 4 6 9 11 13 | 13.1
Shapeshifting  | 4 5 6 7 8 10 | 10.0
Evocations     | 2 3 4 |  4.0
Fighting       | 4 6 7 |  7.0
Dodging        | 3 4 7 |  7.0

Action                     |  1- 3 |  4- 6 |  7- 9 | 10-12 || total
---------------------------+-------+-------+-------+-------++-------
  Melee: Unarmed           |    25 |       |   156 |   419 ||   600
         Spear             |    10 |    74 |    59 |       ||   143
Ability: Spit Poison       |    22 |    24 |    26 |    29 ||   101
         Lunge             |       |       |    13 |    30 ||    43
         Whirlwind         |       |       |       |    26 ||    26
  Evoke: Wand              |       |       |     8 |    12 ||    20
         Sack of spiders   |       |       |       |     1 ||     1
    Use: Scroll            |       |     5 |     3 |     9 ||    17
         Potion            |       |       |     2 |     6 ||     8
   Stab: Sleeping          |     1 |     1 |       |     2 ||     4
         Invisible         |       |       |       |     7 ||     7
 Armour: Animal skin       |    20 |    57 |    48 |     5 ||   130
         Skin              |       |       |    92 |   172 ||   264
  Dodge: Dodged            |     8 |    23 |   131 |   234 ||   396
  Block: Kite shield       |     6 |     5 |       |       ||    11
   Form: Flux              |       |       |     3 |     3 ||     6
         Beast             |       |       |     2 |     3 ||     5
